 Dungeon Crawl Stone Soup version 0.27-a0-1123-g2f9bb313c0 (webtiles) character file.

Game seed: 1638473296277850008

25502 Armakuni the Spear-Bearer (level 13, -11/103 HPs)
             Began as a Merfolk Monk on May 2, 2021.
             Was a High Priest of the Shining One.
             Mangled by a 17-headed hydra (12 damage)
             ... on level 1 of the Lair of Beasts on May 3, 2021.
             The game lasted 00:40:52 (15985 turns).

Armakuni the Spear-Bearer (Merfolk Monk)           Turns: 15985, Time: 00:40:52

Health: -11/103    AC: 13    Str: 14    XL:     13   Next: 20%
Magic:  17/20      EV: 15    Int: 12    God:    the Shining One [*****.]
Gold:   667        SH: 14    Dex: 19    Spells: 12/14 levels left

rFire    . . .     SeeInvis .   b - +3 bardiche (spect)
rCold    + . .     Faith    .   (shield currently unavailable)
rNeg     + + .     Spirit   .   U - +1 scale mail {rC+}
rPois    +         Reflect  +   W - +0 helmet
rElec    .         Harm     .   (no cloak)
rCorr    .         Rampage  .   C - +0 pair of gloves {Dex+3}
Will     .....                  k - +0 pair of boots
Stlth    +.........             O - amulet of reflection
HPRegen  0.27/turn              S - +4 ring of slaying
MPRegen  0.17/turn              P - ring of poison resistance

@: divinely shielded, glowing
A: (nimble swimmer 2), mertail, mutation resistance 1
a: Renounce Religion, Divine Shield, Cleansing Flame, Summon Divine Warrior


You were on level 1 of the Lair of Beasts.
You worshipped the Shining One.
The Shining One was extremely pleased with you.
You visited 3 branches of the dungeon, and saw 13 of its levels.
You also visited: Ossuary and Ice Cave.

You collected 1275 gold pieces.
You spent 608 gold pieces at shops.

Inventory:

Hand Weapons
 a - a +3 trident of venom
 b - a +3 spectral bardiche (weapon)
 D - a +3 glaive of freezing
Missiles
 d - 19 boomerangs (quivered)
 p - 4 javelins
 H - 4 boomerangs of dispersal
 L - 4 curare-tipped darts
Armour
 k - a +0 pair of boots (worn)
 y - a +3 plate armour
 C - a +0 pair of gloves of dexterity (worn)
 U - a +1 scale mail of cold resistance (worn)
 W - a +0 helmet (worn)
Jewellery
 F - a ring of fire
 J - a ring of protection from cold
 K - a ring of resist corrosion
 O - an amulet of reflection (around neck)
 P - a ring of poison resistance (right hand)
 S - a +4 ring of slaying (left hand)
 T - a +6 ring of intelligence
Wands
 j - a wand of charming (11)
 r - a wand of polymorph (5)
 A - a wand of paralysis (5)
Scrolls
 f - a scroll of silence
 g - 3 scrolls of enchant armour
 h - 2 scrolls of amnesia
 l - 3 scrolls of fear
 s - 6 scrolls of teleportation
 t - 3 scrolls of brand weapon
 u - a scroll of holy word
 z - a scroll of summoning
 B - 2 scrolls of identify
 N - 3 scrolls of blinking
 V - 2 scrolls of magic mapping
Potions
 c - a potion of resistance
 e - 4 potions of mutation
 i - 2 potions of magic
 m - a potion of brilliance
 n - 5 potions of curing
 o - a potion of heal wounds
 q - 3 potions of cancellation
 v - 2 potions of might
 x - 3 potions of haste
 E - 3 potions of flight
 R - 2 potions of lignification


   Skills:
 - Level 10.0 Fighting
 - Level 14.5 Polearms
 - Level 7.8 Armour
 - Level 10.0 Dodging
 - Level 2.1 Stealth
 - Level 1.0 Spellcasting
 - Level 10.0 Transmutations
 + Level 9.4 Invocations
 - Level 5.0 Evocations


You had 12 spell levels left.
You knew the following spells:

 Your Spells              Type           Power      Damage    Failure   Level
w - Wereblood             Tmut           24%        N/A       2%          2

Your spell library contained the following spells:

 Spells                   Type           Power      Damage    Failure   Level
 Beastly Appendage        Tmut           48%        N/A       1%          1
 Spider Form              Tmut/Pois      6%         N/A       36%         3
 Hydra Form               Tmut           12%        N/A       43%         5
 Apportation              Tloc           0%         N/A       71%         1
 Foxfire                  Conj/Fire      0%         2x1d4     71%         1
 Magic Dart               Conj           0%         1d3       71%         1
 Ice Form                 Ice/Tmut       12%        N/A       78%         4
 Blink                    Tloc           N/A        N/A       83%         2
 Call Imp                 Summ           0%         N/A       83%         2
 Searing Ray              Conj           0%         3d3       83%         2
 Slow                     Hex            0%         N/A       83%         2
 Conjure Flame            Conj/Fire      0%         6-21      97%         3
 Dazzling Flash           Conj/Hex       0%         N/A       97%         3
 Inner Flame              Hex/Fire       0%         N/A       97%         3
 Lesser Beckoning         Tloc           0%         N/A       97%         3
 Mephitic Cloud           Conj/Pois/Air  0%         N/A       97%         3
 Tukima's Dance           Hex            0%         N/A       97%         3
 Alistair's Intoxication  Tmut/Pois      8%         N/A       98%         5
 Fulminant Prism          Conj/Hex       0%         3d6       100%        4
 Iskenderun's Mystic Bla  Conj/Tloc      0%         2d3       100%        4
 Sticky Flame             Conj/Fire      0%         2d3       100%        4
 Fireball                 Conj/Fire      0%         3d3       100%        5
 Invisibility             Hex            0%         N/A       100%        6


Dungeon Overview and Level Annotations

Branches:
Dungeon (11/15)            Temple (1/1) D:5            Lair (1/6) D:11
    Orc (0/2) D:9         Ossuary (visited)           IceCv (visited)

Altars:
Ashenzari
Cheibriados
Dithmenos
Elyvilon
Fedhas
Gozag
Hepliaklqana
Kikubaaqudgha
Makhleb
Nemelex Xobeh
Okawaru
Qazlal
Ru
Sif Muna
Trog
Uskayaw
Vehumet
Wu Jian
Yredelemnul
Zin
The Shining One
Beogh

Shops:
D:6 [!((*   D:11 (

Annotations:
Lair:1 crasatator's ghost, journeyman TrEE


Innate Abilities, Weirdness & Mutations

((You are quick and stealthy near water. (Stealth+, EV+, Speed+++)))
Your lower body shifts to a powerful aquatic tail in water.
You are somewhat resistant to further mutation.


Message History

The 14-headed hydra misses you.
You slice one of the 14-headed hydra's heads off!
The 13-headed hydra grows two more!
You slice the 15-headed hydra!!
The 15-headed hydra is heavily wounded.
Your spectral weapon closely misses the 15-headed hydra.
The 15-headed hydra bites you!
You block the 15-headed hydra's attack. x2
The 15-headed hydra closely misses you. You block the 15-headed hydra's attack.
The 15-headed hydra bites you but does no damage.
The 15-headed hydra bites you. x2; You block the 15-headed hydra's attack.
The 15-headed hydra closely misses you. The 15-headed hydra bites you!
The 15-headed hydra bites you. The 15-headed hydra bites you!
The 15-headed hydra bites you.
The 15-headed hydra bites you but does no damage.
Crasatator's ghost hits the plant!!
The 15-headed hydra barely misses you. You block the 15-headed hydra's attack.
The 15-headed hydra bites you but does no damage.
You block the 15-headed hydra's attack. The 15-headed hydra closely misses you.
The 15-headed hydra completely misses you.
The 15-headed hydra bites you!
* * * LOW HITPOINT WARNING * * *
The 15-headed hydra bites you but does no damage.
The 15-headed hydra bites you!
* * * LOW HITPOINT WARNING * * *
The 15-headed hydra bites you!
* * * LOW HITPOINT WARNING * * *
The 15-headed hydra completely misses you.
The 15-headed hydra bites you but does no damage.
The 15-headed hydra bites you!
* * * LOW HITPOINT WARNING * * *
The 15-headed hydra closely misses you.
The 15-headed hydra bites you but does no damage.
Crasatator's ghost hits the plant.
You chop one of the 15-headed hydra's heads off!
The 14-headed hydra grows two more!
You hit the 16-headed hydra.
The 16-headed hydra is moderately wounded.
Your spectral weapon hits the 16-headed hydra from afar!!
Your spectral weapon slices one of the 16-headed hydra's heads off!
The 15-headed hydra grows two more!
Crasatator's ghost hits the plant!!
The 17-headed hydra bites you!
You die...

#................#
#...#......
#...............##
#....##....
#...............#
#...####...
#.##............# #####
###.
###.###...........# ##
#...# ##.........##
#### ##..# #.........##
##... #..#
##......#(P##### #....
##.## ##....##@##≈?.##
#.... #...#
###.###D#...!.# ##....
#..## ####PW'.....≈
##..... #..#
#...'..)..≈ #......
#.(# ##..'.....♣
##..... #..#
#...#...=.# #..... ...#
#...##.♣≈## #..... ...#
###<...######## ####..
...#
##..###..#.....########


You could see a 17-headed hydra, crasatator's ghost and a friendly +3 spectral
bardiche (summoned).

Vanquished Creatures
  Gastronok (D:10)
  A frost giant (IceCv)
  Erica (D:10)
  A hydra (Lair:1)
  6 two-headed ogres
  A cane toad (Lair:1)
  An ice statue (IceCv)
  A komodo dragon (Lair:1)
  16 polar bears (IceCv)
  3 trolls
  5 blink frogs (Lair:1)
  Grinder (D:4)
  A vampire (D:10)
  Eustachio (D:4)
  3 steam dragons
  15 yaks
  A basilisk (Lair:1)
  3 vampire mosquitoes (D:10)
  A warg (D:9)
  Duvessa (D:4)
  4 water moccasins
  8 orc warriors
  An ice beast (D:6)
  2 ogres (D:11)
  5 centaurs
  22 wolves
  A phantom (D:4)
  2 kobold brigands
  3 scorpions
  4 bullfrogs
  2 gnoll sergeants
  2 water moccasin zombies (Ossuary)
  2 water moccasin skeletons
  Dowan (D:4)
  17 killer bees
  14 wights
  An electric eel (D:11)
  2 howler monkeys
  2 bullfrog zombies
  4 centaur zombies
  15 orc priests
  2 bullfrog skeletons (D:4)
  A jelly (D:7)
  A gnoll shaman (D:9)
  8 hounds
  Jessica (D:3)
  2 iguanas (D:6)
  Terence (D:3)
  A scorpion zombie (D:5)
  Natasha (thrice) (D:2)
  13 orc wizards
  2 killer bee zombies
  2 mummies (Ossuary)
  16 gnolls
  5 adders
  A shadow imp (D:6)
  2 white imps
  5 adder zombies (Ossuary)
  3 worms
  2 dart slugs
  51 orcs
  7 ball pythons
  3 endoplasms
  4 giant cockroaches
  3 gnoll zombies (Ossuary)
  12 goblins
  7 hobgoblins
  6 jackals
  17 kobolds
  5 quokkas
  9 bats
  2 frilled lizards
  3 hobgoblin zombies (Ossuary)
  6 kobold zombies (Ossuary)
  5 orc zombies (Ossuary)
  7 rats
396 creatures vanquished.

Vanquished Creatures (collateral kills)
  An orc wizard (D:9)
  2 orcs (D:9)
  A kobold (D:1)
4 creatures vanquished.

Vanquished Creatures (others)
  2 polar bears (IceCv)
  A yak (IceCv)
  A wolf (IceCv)
  8 plants
12 creatures vanquished.

Grand Total: 412 creatures vanquished

Notes
Turn   | Place    | Note
-------+----------+-------------------------------------------
     0 | D:1      | Armakuni the Merfolk Monk began the quest for the Orb.
     0 | D:1      | Reached XP level 1. HP: 18/18 MP: 1/1
    57 | D:1      | Reached skill level 5 in Polearms
    57 | D:1      | Reached XP level 2. HP: 17/24 MP: 2/2
   258 | D:1      | Found a faded altar of an unknown god.
   644 | D:1      | Reached XP level 3. HP: 26/29 MP: 3/3
   707 | D:1      | Reached skill level 6 in Polearms
  1020 | D:2      | Gained mutation: You are somewhat resistant to further
                  | mutation. [potion of mutation]
  1266 | D:2      | Reached skill level 7 in Polearms
  1266 | D:2      | Reached XP level 4. HP: 34/35 MP: 4/4
  1533 | D:2      | Noticed Natasha
  1539 | D:2      | Killed Natasha
  1820 | D:2      | Noticed Natasha
  1825 | D:2      | Killed Natasha
  1826 | D:2      | Reached skill level 8 in Polearms
  1826 | D:2      | Reached XP level 5. HP: 41/41 MP: 5/5
  1915 | D:2      | Noticed Natasha
  1920 | D:2      | Killed Natasha
  2250 | D:3      | Noticed Terence
  2256 | D:3      | Killed Terence
  2257 | D:3      | Reached skill level 9 in Polearms
  2277 | D:3      | Found a glowing silver altar of Zin.
  2372 | D:3      | Noticed Jessica
  2381 | D:3      | Killed Jessica
  2382 | D:3      | Reached XP level 6. HP: 43/47 MP: 6/6
  2663 | D:3      | Found a broken altar of Ashenzari.
  2686 | D:3      | Reached skill level 10 in Polearms
  2693 | D:3      | You fall into a shaft and drop 1 floor!
  2757 | D:4      | Noticed Grinder
  2798 | D:4      | Killed Grinder
  2799 | D:4      | Reached skill level 11 in Polearms
  2799 | D:4      | Reached XP level 7. HP: 52/52 MP: 7/7
  3045 | D:4      | Noticed Eustachio
  3520 | D:4      | Noticed Duvessa
  3520 | D:4      | Noticed Dowan
  3529 | D:4      | Killed Dowan
  3549 | D:4      | Killed Duvessa
  3550 | D:4      | Reached skill level 12 in Polearms
  3806 | D:4      | Reached skill level 5 in Fighting
  3806 | D:4      | Reached XP level 8. HP: 55/62 MP: 8/8
  3894 | D:4      | Killed Eustachio
  4059 | D:5      | Entered Level 5 of the Dungeon
  4059 | D:5      | Found a sand-covered staircase.
  4069 | Ossuary  | Entered an ossuary
  4776 | D:5      | Found a staircase to the Ecumenical Temple.
  4803 | Temple   | Entered the Ecumenical Temple
  5324 | Temple   | Became a worshipper of the Shining One
  5324 | Temple   | Reached * piety under the Shining One
  5324 | Temple   | Reached ** piety under the Shining One
  5388 | D:5      | Identified the +6 mace of Wu Jian's Favour {drain, rCorr}
  5401 | D:5      | Identified the +1 robe of Mental Paralysis {Will+ Dex+3}
  5419 | D:5      | Found an opulent altar of Gozag.
  5588 | D:5      | Reached XP level 9. HP: 71/76 MP: 9/9
  5678 | D:6      | Learned a level 2 spell: Wereblood
  5841 | D:6      | Found Qyumeppue's Antique Weapon Emporium.
  5864 | D:6      | Bought a glowing spear for 144 gold pieces
  5943 | D:6      | Reached skill level 1 in Spellcasting
  5973 | D:6      | HP: 1/76 [orc warrior/boomerang (16)]
  6524 | D:6      | Found Viore's Assorted Antiques.
  6534 | D:6      | Bought 2 glowing dark potions for 50 gold pieces
  6638 | D:6      | Found Biogitzera's Distillery.
  6645 | D:6      | Bought a potion of flight for 42 gold pieces
  6993 | D:6      | Found Ofit's Antique Weapon Emporium.
  7068 | D:6      | Reached skill level 5 in Transmutations
  7174 | D:6      | Found Ovuyntarghu's Armour Shop.
  7177 | D:6      | Upgraded the game from 0.27-a0-1119-gbf574a6a6b to
                  | 0.27-a0-1123-g2f9bb313c0
  7460 | D:7      | Noticed a two-headed ogre
  7476 | D:7      | Killed a two-headed ogre
  7547 | D:7      | Found a hazy altar of Hepliaklqana.
  7629 | D:7      | Found a hide-covered altar of Uskayaw.
  7803 | D:7      | Reached skill level 10 in Transmutations
  7816 | D:7      | Reached XP level 10. HP: 63/83 MP: 9/11
  8002 | D:7      | Reached skill level 5 in Dodging
  8551 | D:8      | Found a bloodstained altar of Trog.
  8582 | D:8      | Reached *** piety under the Shining One
  9125 | D:8      | Reached skill level 10 in Fighting
  9538 | D:9      | HP: 4/85 [orc warrior/+0 halberd (8)]
  9881 | D:9      | Reached skill level 13 in Polearms
  9891 | D:9      | Noticed a two-headed ogre
  9911 | D:9      | Killed a two-headed ogre
  9912 | D:9      | Reached skill level 14 in Polearms
 10203 | D:9      | Noticed a two-headed ogre
 10211 | D:9      | Killed a two-headed ogre
 10229 | D:9      | Reached XP level 11. HP: 65/90 MP: 12/12
 10355 | D:9      | Noticed a two-headed ogre
 10361 | D:9      | Killed a two-headed ogre
 10362 | D:9      | Reached skill level 10 in Dodging
 10405 | D:9      | Found a shimmering blue altar of Sif Muna.
 10456 | D:9      | Reached **** piety under the Shining One
 10458 | D:9      | Found a snail-covered altar of Cheibriados.
 10466 | D:9      | Reached skill level 1 in Armour
 10477 | D:9      | Found a staircase to the Orcish Mines.
 10657 | D:9      | Found a white marble altar of Elyvilon.
 10827 | D:10     | Entered Level 10 of the Dungeon
 11055 | D:10     | Noticed Gastronok
 11088 | D:10     | Killed Gastronok
 11331 | D:10     | Noticed Erica
 11337 | D:10     | Found a burning altar of Makhleb.
 11349 | D:10     | Killed Erica
 11350 | D:10     | Reached skill level 5 in Armour
 11471 | D:10     | Found a stormy altar of Qazlal.
 12285 | D:11     | Noticed a two-headed ogre
 12294 | D:11     | Killed a two-headed ogre
 12469 | D:11     | Noticed a two-headed ogre
 12482 | D:11     | Killed a two-headed ogre
 12483 | D:11     | Reached XP level 12. HP: 80/97 MP: 13/13
 12552 | D:11     | Reached ***** piety under the Shining One
 13019 | D:11     | Found Muthuluxa's Antique Weapon Emporium.
 13027 | D:11     | Bought a runed bardiche for 372 gold pieces
 13343 | D:11     | Reached skill level 1 in Invocations
 13550 | D:11     | Found a staircase to the Lair.
 13696 | Lair:1   | Entered Level 1 of the Lair of Beasts
 13696 | Lair:1   | Found a runed translucent gate.
 13696 | Lair:1   | Found a runed translucent gate.
 13696 | Lair:1   | Found a runed translucent gate.
 13696 | Lair:1   | Noticed crasatator's ghost (journeyman TrEE)
 13696 | Lair:1   | Noticed a 12-headed hydra
 13799 | Lair:1   | Noticed a four-headed hydra
 13800 | Lair:1   | Found a frozen archway.
 13805 | Lair:1   | Killed an eight-headed hydra
 13806 | Lair:1   | Reached skill level 1 in Evocations
 13828 | IceCv    | Entered an ice cave
 14473 | IceCv    | Reached skill level 5 in Evocations
 14520 | IceCv    | Reached skill level 5 in Invocations
 14754 | IceCv    | Reached XP level 13. HP: 68/103 MP: 18/18
 14866 | IceCv    | Noticed a frost giant
 14876 | IceCv    | Killed a frost giant
 14903 | IceCv    | Identified the +1 kite shield of the Turtle {rPois rF+}
 15984 | Lair:1   | HP: 1/103 [15-headed hydra (7)]
 15985 | Lair:1   | Mangled by a 17-headed hydra

Illustrated notes

Levels and vault maps discovered:
D:1:      ncdulo_watergridlock, layout_rooms,
          chequers_ecumenical_altar_simple_redux, minmay_fountain_box,
          glass_columns_a
D:2:      layout_loops_ring, serial_forest, infiniplex_forest_clump_double,
          infiniplex_forest_corner_2, infiniplex_forest_clump_small,
          infiniplex_forest_clump_long, infiniplex_forest_straight_5,
          infiniplex_forest_clump_tiny, minivault_11, uniq_natasha
D:3:      layout_rooms, nicolae_ashenzari_panopticon,
          nicolae_overflow_hidden_temple, nrook_campfire,
          kennysheep_nondescript, hangedman_decor_lopped, uniq_jessica,
          uniq_terence
D:4:      layout_basic, serial_forest, infiniplex_forest_clump_diagonal,
          infiniplex_forest_lined_corner, infiniplex_forest_lined_2,
          infiniplex_forest_clump_large, infiniplex_forest_clump_small,
          minmay_goblin_outpost, uniq_eustachio, uniq_grinder, uniq_duvessa
D:5:      layout_rooms, nicolae_gozag_cash_rules_everything_around_me,
          minmay_temple_entry_slanted, nicolae_ossuary_entry_ruins,
          minmay_misc_feat_cross
D:6:      layout_loops_corners, tgw_xom, serial_shops, shop,
          nicolae_shop_statue_plus, shop, nicolae_shop_trees, shop
D:7:      layout_basic, lemuel_coloured_pillars_altar, lemuel_tele_altar
D:8:      layout_loops_ring, trog_three_pillars_becter
D:9:      layout_long_grid, elyvilon_altar_1, cheibriados_altar_1, tgw_sif,
          david_orc_3, minivault_24, kennysheep_generic_room_10
D:10:     layout_basic, minitemple, uniq_erica, uniq_gastronok
D:11:     layout_gridville, erik_lair_island, serial_shops,
          nicolae_shop_statue_plus, special_room [special_room_orc]
Temple:   chequers_temple_sunken
Lair:1:   layout_cave_pods, gammafunk_ghost_hydra_chop,
          portal_ice_cave_entry_pillars_2

Skill      XL: |  1  2  3  4  5  6  7  8  9 10 11 12 13 |
---------------+----------------------------------------+-----
Polearms       | 5 7 8 9 11 12 14 | 14.5
Fighting       | 5 9 10 | 10.0
Spellcasting   | 1 |  1.0
Transmutations | 10 | 10.0
Dodging        | 8 10 | 10.0
Armour         | 7 |  7.8
Invocations    | 7 9 |  9.4
Evocations     | 5 |  5.0
Stealth        | |  2.1

Action                   |  1- 3 |  4- 6 |  7- 9 | 10-12 | 13-15 || total
-------------------------+-------+-------+-------+-------+-------++-------
Melee: Spear             |   125 |   129 |   435 |   115 |       ||   804
       Trident           |       |       |       |   401 |       ||   401
       Bardiche          |       |       |       |   103 |    25 ||   128
       Tailslap          |       |       |       |     3 |     1 ||     4
Throw: Boomerang         |       |     6 |       |       |       ||     6
       Throwing net      |       |       |       |     9 |       ||     9
 Cast: Wereblood         |       |       |     4 |       |       ||     4
Invok: Divine Shield     |       |       |       |     2 |     1 ||     3
Evoke: Wand              |       |       |     6 |     9 |       ||    15
  Use: Scroll            |     4 |     2 |     7 |    11 |       ||    24
       Potion            |     3 |     1 |     4 |     5 |       ||    13
 Stab: Sleeping          |     2 |     3 |     1 |       |       ||     6
Armor: Robe              |     7 |       |     5 |       |       ||    12
       Ring mail         |    10 |    16 |    23 |       |       ||    49
       Skin              |     5 |     3 |     4 |       |       ||    12
       Steam dragon scal |       |       |    12 |    15 |       ||    27
       Scale mail        |       |       |       |   114 |    11 ||   125
Dodge: Dodged            |    50 |    20 |   125 |   266 |    20 ||   481
Block: Other             |       |       |       |    83 |    14 ||    97
       Reflection        |       |       |       |     4 |       ||     4

Table legend: (Time is in decaauts)
 A = Elapsed time spent in this place.
 B = Non-inter-level travel time spent in this place.
 C = Inter-level travel time spent in this place.
 D = Time resting spent in this place.
 E = Time spent auto-exploring this place.
 F = Levels seen in this place.
 G = Mean time per level.
                   A        B        C        D        E       F      G
               +--------+--------+--------+--------+--------+-----+--------+
         Total |  15268 |  15046 |    222 |   2880 |   9029 |  15 | 1017.9 |
       Dungeon |  12210 |  12018 |    192 |   2404 |   7127 |  11 | 1110.0 |
        Temple |    337 |    307 |     30 |      0 |    292 |   1 |  337.0 |
          Lair |   1021 |   1021 |      0 |      0 |    909 |   1 | 1021.0 |
       Ossuary |    422 |    422 |      0 |     72 |    268 |   1 |  422.0 |
      Ice Cave |   1276 |   1276 |      0 |    403 |    432 |   1 | 1276.0 |
               +--------+--------+--------+--------+--------+-----+--------+

Top non-repeatable levels by time:
    D:10: 1549 daAuts
     D:9: 1439 daAuts
     D:6: 1398 daAuts
   IceCv: 1276 daAuts
    D:11: 1209 daAuts
     D:2: 1197 daAuts
     D:4: 1116 daAuts
     D:7: 1022 daAuts
  Lair:1: 1021 daAuts
     D:1: 949 daAuts
     D:5: 887 daAuts
     D:8: 772 daAuts
     D:3: 670 daAuts
 Ossuary: 422 daAuts
  Temple: 337 daAuts
